 Dungeon Crawl Stone Soup version 0.27-b1-2-g8387495791 (webtiles) character file.

Game seed: 6548435844396352713

4 ZARRMARR the Grave Robber (level 1, 0/14 HPs)
             Began as a Hill Orc Necromancer on July 25, 2021.
             Slain by a quokka (1 damage)
             ... on level 1 of the Dungeon.
             The game lasted 00:05:01 (155 turns).

ZARRMARR the Grave Robber (Hill Orc Necromancer)     Turns: 155, Time: 00:05:02

Health: 0/14       AC:  2    Str: 10    XL:     1   Next: 60%
Magic:  1/3        EV: 12    Int: 15    God:
Gold:   0          SH:  0    Dex: 11    Spells: 2/3 levels left

rFire    . . .     SeeInvis .   c - +0 whip
rCold    . . .     Faith    .   (no shield)
rNeg     . . .     Spirit   .   a - +0 robe
rPois    .         Reflect  .   (no helmet)
rElec    .         Harm     .   (no cloak)
rCorr    .         Rampage  .   (no gloves)
Will     .....                  (no boots)
Stlth    ++........             (no amulet)
HPRegen  0.04/turn              (no ring)
MPRegen  0.08/turn              (no ring)

@: no status effects
A: no striking features
a: no special abilities


You were on level 1 of the Dungeon.
You visited 1 branch of the dungeon, and saw 1 of its levels.

Inventory:

Hand Weapons
 c - a +0 whip (weapon)
Missiles
 d - 6 stones (quivered)
 e - 10 bolts
Armour
 a - a +0 robe (worn)
Scrolls
 b - 2 scrolls of identify {unknown}


   Skills:
 + Level 1.5 Dodging
 + Level 1.5 Stealth
 + Level 1.5 Spellcasting
 + Level 4.2 Necromancy


You had 2 spell levels left.
You knew the following spells:

 Your Spells              Type           Power      Damage    Failure   Level
a - Pain                  Necr           52%        1d6       4%          1

Your spell library contained the following spells:

 Spells                   Type           Power      Damage    Failure   Level
 Animate Skeleton         Necr           26%        N/A       4%          1
 Vampiric Draining        Necr           6%         2d6       12%         3
 Animate Dead             Necr           6%         N/A       38%         4
 Agony                    Necr           13%        N/A       75%         5


Dungeon Overview and Level Annotations

Branches:
Dungeon (1/15)

Altars:


Message History

A quokka comes into view.
Found a stone staircase leading down.
Casting: Pain (safe; 4% risk of failure)
Confirm with . or Enter, or press ? or * to list all spells.
You don't have enough magic to cast this spell.
Throw: 10 stones
Press: ? - help, Q - select action, (/) - cycle Shift-Dir - straight line, f - quokka
Aim: a quokka (asleep, 98% to hit)
You throw a stone. The stone hits the quokka.
The quokka is moderately wounded.
Throw: 9 stones
Press: ? - help, Q - select action, (/) - cycle Shift-Dir - straight line, f/p - quokka
Aim: a quokka (moderately wounded, 41% to hit)
You throw a stone.
The stone hits the quokka but does no damage.
The quokka is moderately wounded.
Throw: 8 stones
Press: ? - help, Q - select action, (/) - cycle Shift-Dir - straight line, f/p - quokka
Aim: a quokka (moderately wounded, 41% to hit)
You throw a stone.
The stone hits the quokka but does no damage.
The quokka is moderately wounded.
Throw: 7 stones
Press: ? - help, Q - select action, (/) - cycle Shift-Dir - straight line, f/p - quokka
Aim: a quokka (moderately wounded, 41% to hit)
You throw a stone. The stone misses the quokka.
You closely miss the quokka.
The quokka is moderately wounded.
The quokka closely misses you.
You miss the quokka. The quokka misses you.
You barely miss the quokka. The quokka bites you.
The quokka closely misses you.
You hit the quokka but do no damage. The quokka bites you.
You closely miss the quokka. The quokka completely misses you.
You hit the quokka but do no damage. The quokka bites you. x2
* * * LOW HITPOINT WARNING * * *
You barely miss the quokka. The quokka closely misses you.
You hit the quokka but do no damage. The quokka barely misses you.
The quokka bites you.
You die...

.. #.....#......... ##.
..#.##..####.....###'
.#..##.#.#.....##.........
>...............#.........
.......##....#.##.........
.(.(...##....#.##.........
..(............##.........
#...........####.........
.#..r@.....##.....####
...((........#.###########
(....#........... #.. .##.
#.#...###..... ### ..
........# ...... # .#
....#.#### ..... #
#...(..# ..... .......#
...


You could see a quokka.

Vanquished Creatures
  An endoplasm (D:1)
  A hobgoblin (D:1)
  A ball python (D:1)
  A rat (D:1)
4 creatures vanquished.

Notes
Turn   | Place    | Note
-------+----------+-------------------------------------------
     0 | D:1      | ZARRMARR the Hill Orc Necromancer began the quest for the
                  | Orb.
     0 | D:1      | Reached XP level 1. HP: 14/14 MP: 3/3
   155 | D:1      | Slain by a quokka

Illustrated notes

Levels and vault maps discovered:
D:1:      minmay_arrival_stone_box, layout_basic,
          hellmonk_ecumenical_altar_arch_garden

Action                   || total
-------------------------++-------
Melee: Whip              ||     9
Throw: Stone             ||     9
 Cast: Pain              ||     5
Dodge: Dodged            ||     6
